 Dungeon Crawl Stone Soup version 0.29-a0-925-g0a7a3d12f8 (webtiles) character file.

Game seed: 2823447593311745672

21 leavemydog the Trooper (level 2, 0/27 HPs)
             Began as a Hill Orc Fighter on July 28, 2022.
             Slain by a gnoll
             ... wielding a +0 spear
              (1 damage)
             ... on level 1 of the Dungeon.
             The game lasted 00:00:51 (513 turns).

leavemydog the Trooper (Hill Orc Fighter)            Turns: 513, Time: 00:00:52

Health: 0/27       AC:  6    Str: 18    XL:     2   Next: 83%
Magic:  2/2        EV:  9    Int:  8    God:
Gold:   52         SH:  4    Dex: 10    Spells: 1/1 levels left

rFire   . . .      SeeInvis .   a - +0 war axe
rCold   . . .      Faith    .   c - +0 buckler
rNeg    . . .      Spirit   .   b - +0 scale mail
rPois   .          Reflect  .   (no helmet)
rElec   .          Harm     .   (no cloak)
rCorr   .          Rampage  .   (no gloves)
Will    .....                   (no boots)
Stlth   ..........              (no amulet)
HPRegen 0.09/turn               (no ring)
MPRegen 0.08/turn               (no ring)

@: mighty
A: no striking features
a: no special abilities


You were on level 1 of the Dungeon.
You visited 1 branch of the dungeon, and saw 1 of its levels.

You collected 52 gold pieces.

Inventory:

Hand Weapons
 a - a +0 war axe (weapon)
Armour
 b - a +0 scale mail (worn)
 c - a +0 buckler (worn)
Scrolls
 e - a scroll of teleportation {unknown}
 f - a scroll of poison {unknown}


   Skills:
 + Level 3.8 Fighting
 * Level 3.6 Axes
 + Level 3.5 Armour
 + Level 3.4 Shields


You had one spell level left.
You didn't know any spells.
Your spell library was empty.

Dungeon Overview and Level Annotations

Branches:
Dungeon (1/15)

Altars:


Message History

The jackal attacks as you move away! You block the jackal's attack.
The jackal bites you but does no damage. x2
The jackal attacks as you move away! The jackal barely misses you.
The jackal attacks as you move away! You block the jackal's attack. x2
The jackal bites you but does no damage.
You see here a ball python skeleton.
The jackal attacks as you move away!
The jackal bites you but does no damage.
You block the jackal's attack. The jackal attacks as you move away!
The jackal barely misses you. The jackal bites you.
The jackal attacks as you move away! The jackal bites you.
You feel very mighty all of a sudden.
The jackal bites you but does no damage.
You closely miss the jackal.
The jackal bites you but does no damage.
You closely miss the jackal.
The jackal is lightly wounded.
The jackal bites you but does no damage.
You block the jackal's attack.
You slash the jackal!
You kill the jackal!
The jackal barely misses you.
You miss the jackal. The jackal closely misses you.
The gnoll completely misses you.
The jackal bites you but does no damage.
You closely miss the jackal.
The jackal bites you but does no damage.
The gnoll hits you from afar with a +0 spear.
* * * LOW HITPOINT WARNING * * *
The jackal bites you.
* * * LOW HITPOINT WARNING * * *
The gnoll hits you but does no damage.
You slice the jackal!!
You kill the jackal!
The gnoll hits you from afar with a +0 spear.
* * * LOW HITPOINT WARNING * * *
You swing at nothing.
The gnoll hits you from afar with a +0 spear.
You die...

.........#......#...(........
.........#..###.#...÷.........
.................÷.......>....
..........÷...##.####)........
..............................
......##.)....##.####........
..............##g# #........
...............#.# #########
.............#.#@#
.............#.#.# ###########
.............#.#.###.........#
.............................####
.....#######.#.#.###.........#...
..^..# #.#...#.....#######.##
.....# #.##..#.##### #.# .#####
##>##..#.# #.# .# #.....>#.# #.#


You could see a gnoll.

Vanquished Creatures
  A dart slug (D:1)
  3 endoplasms (D:1)
  2 goblins (D:1)
  A hobgoblin (D:1)
  2 jackals (D:1)
  A quokka (D:1)
  A ball python (D:1)
  3 bats (D:1)
  2 frilled lizards (D:1)
  2 kobolds (D:1)
18 creatures vanquished.

Notes
Turn   | Place    | Note
-------+----------+-------------------------------------------
     0 | D:1      | leavemydog the Hill Orc Fighter began the quest for the
                  | Orb.
     0 | D:1      | Reached XP level 1. HP: 19/19 MP: 1/1
   254 | D:1      | Reached XP level 2. HP: 27/27 MP: 2/2
   512 | D:1      | HP: 1/27 [gnoll/+0 spear (3)]
   513 | D:1      | Slain by a gnoll

Illustrated notes

Levels and vault maps discovered:
D:1:      dpeg_arrival_rhombus, layout_basic

Skill      XL: |  1 |
---------------+----+-----
Axes           | 3 |  3.6
Fighting       | |  3.8
Armour         | |  3.5
Shields        | |  3.4

Action                   || total
-------------------------++-------
Melee: War axe           ||    45
  Use: Potion            ||     1
Armor: Scale mail        ||    30
Dodge: Dodged            ||    35
Block: Buckler           ||    15

Table legend: (Time is in decaauts)
 A = Elapsed time spent in this place.
 B = Non-inter-level travel time spent in this place.
 C = Inter-level travel time spent in this place.
 D = Time resting spent in this place.
 E = Time spent auto-exploring this place.
 F = Levels seen in this place.
 G = Mean time per level.
                   A        B        C        D        E       F      G
               +--------+--------+--------+--------+--------+-----+--------+
         Total |    530 |    530 |      0 |    158 |    245 |   1 |  530.0 |
       Dungeon |    530 |    530 |      0 |    158 |    245 |   1 |  530.0 |
               +--------+--------+--------+--------+--------+-----+--------+

Top non-repeatable levels by time:
     D:1: 530 daAuts
